 Dungeon Crawl Stone Soup version 0.28-a0-667-g162e43154e (webtiles) character file.

Game seed: 9565413552349603409

61 Conn the Firebug (level 4, 0/27 HPs)
             Began as an Octopode Fire Elementalist on Oct 17, 2021.
             Killed from afar by a white imp (8 damage)
             ... with a puff of frost
             ... summoned by Natasha
             ... on level 2 of the Dungeon.
             The game lasted 00:02:21 (1207 turns).

Conn the Firebug (Octopode Fire Elementalist)       Turns: 1207, Time: 00:02:23

Health: 0/27       AC:  1    Str:  7    XL:     4   Next: 7%
Magic:  1/7        EV: 13    Int: 18    God:
Gold:   24         SH:  0    Dex: 12    Spells: 7/8 levels left

rFire   . . .      SeeInvis .   d - +4 dagger
rCold   . . .      Faith    .   (no shield)
rNeg    . . .      Spirit   .   (helmet restricted)
rPois   .          Reflect  .   a - amulet of regeneration
rElec   .          Harm     .   (no ring)
rCorr   .          Rampage  .   (no ring)
Will    .....                   (no ring)
Stlth   +++.......              (no ring)
HPRegen 1.09/turn               (no ring)
MPRegen 0.10/turn               (no ring)
                                (no ring)
                                (no ring)

@: no status effects
A: almost no armour, amphibious, 8 rings, camouflage 1, gelatinous body 1,
(nimble swimmer 1), tentacles
a: no special abilities


You were on level 2 of the Dungeon.
You visited 1 branch of the dungeon, and saw 2 of its levels.

You collected 24 gold pieces.

Inventory:

Hand Weapons
 d - a +4 dagger (weapon)
Jewellery
 a - an amulet of regeneration (around mantle)
Scrolls
 b - a scroll of teleportation {unknown}
 c - a scroll of summoning {unknown}
 f - a scroll of identify {unknown}
Potions
 e - a potion of curing {unknown}


   Skills:
 + Level 0.1 Short Blades
 + Level 2.3 Dodging
 + Level 2.9 Stealth
 + Level 2.5 Spellcasting
 + Level 1.5 Conjurations
 + Level 4.0 Fire Magic


You had 7 spell levels left.
You knew the following spells:

 Your Spells              Type           Power      Damage    Failure   Level
a - Foxfire               Conj/Fire      48%        2x1d6     5%          1

Your spell library contained the following spells:

 Spells                   Type           Power      Damage    Failure   Level
 Scorch                   Fire           32%        2d7       4%          2
 Conjure Flame            Conj/Fire      12%        6-21      17%         3
 Inner Flame              Hex/Fire       9%         N/A       22%         3
 Flame Wave               Conj/Fire      12%        3d4       50%         4
 Cause Fear               Hex            1%         N/A       86%         4
 Discord                  Hex            1%         N/A       100%        8


Dungeon Overview and Level Annotations

Branches:
Dungeon (2/15)

Altars:

Annotations:
D:2 Natasha


Innate Abilities, Weirdness & Mutations

You cannot wear most types of armour.
You are amphibious.
You can wear up to eight rings at the same time.
Your skin changes colour to match your surroundings (Stealth+).
Your rubbery body absorbs attacks. (AC +1, EV +1)
((You are camouflaged near water. (Stealth+)))
You have tentacles for arms and can constrict up to eight enemies at once.


Message History

The crimson imp completely resists.
Natasha mumbles some strange words.
Unknown command.
You barely miss Natasha. You grab Natasha.
Natasha is severely wounded.
You constrict Natasha.
The foxfire hits the crimson imp but does no damage. x2
Natasha drinks a potion.
Natasha is healed!
The crimson imp hits you.
Unknown command.
Casting: Foxfire (safe; 5% risk of failure)
Confirm with . or Enter, or press ? or * to list all spells.
You don't have enough magic to cast this spell.
Unknown command.
You hit Natasha.
Natasha is moderately wounded.
You constrict Natasha, but do no damage.
Natasha mumbles some strange words.
The crimson imp closely misses you.
Unknown command.
You hit Natasha.
Natasha is severely wounded.
You constrict Natasha, but do no damage.
The crimson imp hits you. Natasha claws you!
The crimson imp closely misses you.
Unknown command.
You hit Natasha.
Natasha is almost dead.
You constrict Natasha, but do no damage.
The crimson imp barely misses you.
Natasha zaps a wand.
The puff of flame hits you. The white imp misses you.
The crimson imp closely misses you.
Your magical contamination has completely faded away.
You barely miss Natasha.
Natasha is almost dead.
You constrict Natasha, but do no damage.
The crimson imp barely misses you. Natasha claws you.
* * * LOW HITPOINT WARNING * * *
The white imp gestures at you. The puff of frost hits you!
You die...

##.......##.#
.........##.# ..
....#######†#########..
....# #.##.......#
....#######.##.......##
....'........'.........
....#######.##.......#
##### ##.###h5.#### ...
.......5@.# ###
....##.5).# ....###...#
#....# #..## #....#
##.# ####### ...
....... ... ####### ##.
..#


You could see Natasha, 2 crimson imps and a white imp (summoned).

Vanquished Creatures
  Natasha (D:2)
  A worm (D:2)
  4 dart slugs
  6 ball pythons
  A bat (D:2)
  2 endoplasms
  2 goblins
  4 hobgoblins
  3 frilled lizards (D:1)
  A kobold (D:1)
  3 rats
28 creatures vanquished.

Vanquished Creatures (others)
  71 foxfires
71 creatures vanquished.

Grand Total: 99 creatures vanquished

Notes
Turn   | Place    | Note
-------+----------+-------------------------------------------
     0 | D:1      | Conn the Octopode Fire Elementalist began the quest for the
                  | Orb.
     0 | D:1      | Reached XP level 1. HP: 11/11 MP: 3/3
   194 | D:2      | Reached XP level 2. HP: 17/17 MP: 3/5
   589 | D:1      | Found a faded altar of an unknown god.
   659 | D:1      | Reached XP level 3. HP: 19/21 MP: 4/6
  1136 | D:2      | Noticed Natasha
  1139 | D:2      | Killed Natasha
  1159 | D:2      | Reached XP level 4. HP: 27/27 MP: 7/7
  1195 | D:2      | Noticed Natasha
  1198 | D:2      | Reached skill level 4 in Fire Magic
  1207 | D:2      | Killed from afar by a white imp

Illustrated notes

Levels and vault maps discovered:
D:1:      dpeg_arrival_leaves_temple_mockup, layout_rooms,
          hellmonk_ecumenical_altar_heavens_door
D:2:      layout_basic, uniq_natasha, uniq_jessica

Skill      XL: |  1  2  3  4 |
---------------+-------------+-----
Fire Magic     | 4 |  4.0
Short Blades   | |  0.1
Dodging        | |  2.3
Stealth        | |  2.9
Spellcasting   | |  2.5
Conjurations   | |  1.5

Action                   |  1- 3 |  4- 6 || total
-------------------------+-------+-------++-------
Melee: Unarmed           |     5 |       ||     5
       Constrict         |     4 |     1 ||     5
       Dagger            |    12 |     7 ||    19
       Tentacles         |     1 |     1 ||     2
 Cast: Foxfire           |    35 |     6 ||    41
 Stab: Sleeping          |     4 |     1 ||     5
Armor: Skin              |     2 |       ||     2
Dodge: Dodged            |    16 |     9 ||    25

Table legend: (Time is in decaauts)
 A = Elapsed time spent in this place.
 B = Non-inter-level travel time spent in this place.
 C = Inter-level travel time spent in this place.
 D = Time resting spent in this place.
 E = Time spent auto-exploring this place.
 F = Levels seen in this place.
 G = Mean time per level.
                   A        B        C        D        E       F      G
               +--------+--------+--------+--------+--------+-----+--------+
         Total |   1207 |   1191 |     16 |     40 |    809 |   2 |  603.5 |
       Dungeon |   1207 |   1191 |     16 |     40 |    809 |   2 |  603.5 |
               +--------+--------+--------+--------+--------+-----+--------+

Top non-repeatable levels by time:
     D:1: 745 daAuts
     D:2: 462 daAuts
